 Dungeon Crawl Stone Soup version 0.29.0-13-gc9e81de378 (webtiles) character file.

Game seed: 5646825649429086055

11803 groovy9 the Grappler (level 11, -4/126 HPs)
             Began as a Troll Berserker on Sept 8, 2022.
             Was an Elder of Trog.
             Killed from afar by a starcursed mass (8 damage)
             ... with an accursed screaming
             ... on level 1 of the Abyss.
             The game lasted 00:32:16 (8715 turns).

groovy9 the Grappler (Troll Berserker)              Turns: 8715, Time: 00:32:17

Health: -4/126     AC:  9    Str: 37    XL:     11   Next: 54%
Magic:  7/7        EV:  9    Int:  3    God:    Trog [****..]
Gold:   482        SH:  0    Dex:  9    Spells: 10/10 levels left

rFire   . . .      SeeInvis .     - Unarmed
rCold   . . .      Faith    .   (no shield)
rNeg    . . .      Spirit   .   B - +0 swamp dragon scales
rPois   +          Reflect  .   (helmet restricted)
rElec   .          Harm     .   v - scarf {+Inv}
rCorr   .          Rampage  .   (gloves unavailable)
Will    ++...                   (boots unavailable)
Stlth   ..........              (no amulet)
HPRegen 2.11/turn               z - +4 ring of slaying
MPRegen 0.10/turn               x - +6 ring of strength

@: berserking (expiring), strong-willed (expiring), regenerating (expiring),
unable to read, very quick
A: large, unfitting armour, claws 3, regeneration 1, shaggy fur 1, tough skin 1,
[frail 2], [low MP 2], [inability to read after injury 2]
a: Renounce Religion, Evoke Invisibility, Berserk, Trog's Hand, Brothers in Arms


You were on level 1 of the Abyss.
You worshipped Trog.
Trog was greatly pleased with you.
You visited 3 branches of the dungeon, and saw 12 of its levels.
You visited the Abyss 1 time.
You also visited: Sewer.

You collected 722 gold pieces.
You spent 240 gold pieces at shops.

Inventory:

Hand Weapons
 s - a +2 dire flail of freezing
Missiles
 k - 11 large rocks (quivered)
 p - a throwing net
Armour
 t - a +0 kite shield
 v - a scarf of invisibility (worn)
 B - +0 swamp dragon scales (worn)
Jewellery
 n - a +4 ring of protection
 x - a +6 ring of strength (right claw)
 z - a +4 ring of slaying (left claw)
Wands
 a - a wand of digging (5)
 c - a wand of flame (21)
 w - a wand of polymorph (18)
 D - a wand of iceblast (7)
Scrolls
 g - 2 scrolls of fear
 i - a scroll of vulnerability
 j - 2 scrolls of magic mapping
 l - 2 scrolls of immolation
 o - 10 scrolls of teleportation
 u - 2 scrolls of poison
 y - 2 scrolls of fog
 A - a scroll of enchant weapon
 C - a scroll of identify
Potions
 b - 3 potions of curing
 d - a potion of invisibility
 e - 3 potions of flight
 f - 2 potions of might
 h - 6 potions of heal wounds
 m - 4 potions of degeneration
 q - 2 potions of brilliance
 r - a potion of magic
Miscellaneous
 E - a condenser vane


   Skills:
 + Level 5.8 Fighting
 - Level 8.4 Throwing
 - Level 2.4 Dodging
 + Level 1.0 Shields
 - Level 13.0 Unarmed Combat
 * Level 5.7 Evocations


You had 10 spell levels left.
You didn't know any spells.
Your spell library was empty.

Dungeon Overview and Level Annotations

Branches:
Dungeon (10/15)            Temple (1/1) D:5            Lair (1/5) D:8
  Sewer (visited)
    Orc: D:9-12

Altars:
Dithmenos
Elyvilon
Kikubaaqudgha
Okawaru
Qazlal
Ru
Wu Jian
Zin
The Shining One

Shops:
D:2 =   D:7 [

Portals:
Abyss: D:6

Annotations:
D:10 Psyche


Innate Abilities, Weirdness & Mutations

You are too large for most types of armour.
You have claws for hands.
Your natural rate of healing is unusually fast.
You are covered in fur. (AC +1)
You have tough skin. (AC +1)
[You are very frail. (-20% HP)]
[Your magical capacity is very low. (-20% MP)]
[You sometimes lose the ability to read scrolls when taking damage.]


Message History

You fail to use your ability.
A starcursed mass splits.
A chorus of shrieks assaults your mind.
Your two-headed ogre goes berserk!
The wretched star pulses with an eldritch light!
You occasionally lose the ability to read scrolls when taking damage.
You lose the ability to read scrolls when taking damage more often.
Your two-headed ogre twists and deforms.
A chorus of shrieks assaults your mind.
You feel threatened and lose the ability to read scrolls!
A starcursed mass splits.
A red film seems to cover your vision as you go berserk!
You feel yourself moving faster!
You feel mighty!
A starcursed mass splits.
A chorus of shrieks assaults your mind.
A starcursed mass splits.
You hear a roar!
You hear a hideous shriek! x2
You feel a strong urge to attack something.
Your two-headed ogre barely misses the wretched star. x2
The wretched star pulses with an eldritch light!
You feel less energetic. x2
Your two-headed ogre twists and deforms.
A deafening chorus of shrieks assaults your mind!
Your two-headed ogre hits the wretched star with a +0 giant spiked club!!
Your two-headed ogre barely misses the wretched star.
You claw the wretched star!
The wretched star is moderately damaged.
You barely miss the wretched star.
The wretched star is moderately damaged.
You feel the effects of Trog's Hand fading.
The wretched star glows turbulently.
The lance of force hits you!!
* * * LOW HITPOINT WARNING * * *
You are knocked back by the lance of force.
You slam into the stone wall!
* * * LOW HITPOINT WARNING * * *
Your two-headed ogre hits the wretched star with a +0 giant spiked club!!
Your two-headed ogre closely misses the wretched star.
You closely miss the wretched star.
The wretched star is severely damaged.
A deafening chorus of shrieks assaults your mind!
You die...

# # . . .#
.#.#. ..#.
###.. ### .
#....##.###
###
##.....# #
...
.#@O###.# .
#..*##### #
.. ##
#XX##....
.. # #. #
..XX#'X #
..#
##.#..X#.
... . .#.
####...#. 5
.. .#
###.## ..
... . ##. #
..# . .. .
# . . #...#
. .


You could see 5 starcursed masses, a wretched star (ally target) and a friendly
two-headed ogre (summoned, berserk, misshapen).

Vanquished Creatures
  4 two-headed ogres
  The ghost of Fractals the Fighter, a novice GrGl of Okawaru (D:9)
  An ugly thing (D:6)
  The ghost of bwicke the Cudgeller, a novice PaFi (D:5)
  An unseen horror (D:9)
  The ghost of robertstho the Magician, a novice DjFE (D:6)
  A hornet (D:8)
  Prince Ribbit (D:9)
  A ynoxinul (Abyss:1)
  A shadow (D:10)
  A wraith (D:9)
  2 wyverns (D:8)
  6 yaks
  2 vampires (D:10)
  2 basilisks (D:8)
  2 steam dragons
  3 vampire mosquitoes (D:8)
  An acid dragon (D:8)
  4 water moccasins
  2 ice beasts
  An orc warrior (D:7)
  A sky beast (D:6)
  2 centaurs
  2 phantoms
  A kobold brigand (D:6)
  A necrophage (D:6)
  6 bullfrogs
  8 scorpions
  9 wights
  2 small abominations (D:6)
  13 killer bees
  3 howler monkeys
  A centaur zombie (D:5)
  3 jellies
  3 hounds
  A bullfrog skeleton (D:5)
  2 gnoll boudas (D:6)
  5 orc priests
  3 iguanas
  8 orc wizards
  A killer bee zombie (D:5)
  12 gnolls (D:6)
  8 adders
  A shadow imp (D:6)
  4 white imps
  2 ufetubi (D:5)
  2 worms
  2 dart slugs (D:2)
  18 orcs
  15 ball pythons
  4 bats
  7 endoplasms
  3 giant cockroaches
  6 goblins
  5 hobgoblins
  6 jackals
  4 quokkas
  4 frilled lizards
  4 kobolds
  4 rats
225 creatures vanquished.

Vanquished Creatures (others)
  A plant (D:8)
1 creature vanquished.

Grand Total: 226 creatures vanquished

Notes
Turn   | Place    | Note
-------+----------+-------------------------------------------
     0 | D:1      | groovy9 the Troll Berserker began the quest for the Orb.
     0 | D:1      | Reached XP level 1. HP: 22/22 MP: 0/0
   103 | D:1      | Reached XP level 2. HP: 29/29 MP: 1/1
   340 | D:1      | Reached skill level 4 in Unarmed Combat
   397 | D:1      | Found a faded altar of an unknown god.
   758 | D:2      | Reached XP level 3. HP: 35/36 MP: 2/2
   810 | D:2      | Reached ** piety under Trog
   965 | D:2      | Found Puybbu's Jewellery Shoppe.
  1531 | D:3      | Reached skill level 5 in Unarmed Combat
  1531 | D:3      | Reached XP level 4. HP: 44/44 MP: 3/3
  1597 | D:3      | Found a glowing drain.
  1613 | Sewer    | Entered a sewer
  1666 | Sewer    | Noticed a water moccasin
  1674 | Sewer    | Killed a water moccasin
  1675 | Sewer    | Reached skill level 6 in Unarmed Combat
  1675 | Sewer    | Reached XP level 5. HP: 50/50 MP: 4/4
  1811 | D:3      | Reached XP level 6. HP: 59/59 MP: 5/5
  2461 | D:4      | Reached skill level 7 in Unarmed Combat
  2751 | D:4      | Found a sand-covered staircase.
  2902 | D:4      | Found a sacrificial altar of Ru.
  2929 | D:4      | Found a glowing silver altar of Zin.
  3133 | D:4      | Found an ancient bone altar of Kikubaaqudgha.
  3250 | D:5      | Entered Level 5 of the Dungeon
  3259 | D:5      | Reached XP level 7. HP: 66/66 MP: 6/6
  3280 | D:5      | Reached skill level 1 in Throwing
  3281 | D:5      | Reached skill level 8 in Unarmed Combat
  3304 | D:5      | Found a staircase to the Ecumenical Temple.
  3472 | D:5      | Found a runed translucent gate.
  3473 | D:5      | Found a runed translucent gate.
  3475 | D:5      | Found a runed translucent gate.
  3476 | D:5      | Noticed bwicke's ghost (novice PaFi)
  3648 | D:5      | Reached *** piety under Trog
  3752 | D:5      | Killed bwicke's ghost
  3753 | D:5      | Reached skill level 9 in Unarmed Combat
  3753 | D:5      | Reached XP level 8. HP: 74/74 MP: 7/7
  3845 | Temple   | Entered the Ecumenical Temple
  3873 | D:6      | Noticed a two-headed ogre
  3886 | D:6      | Killed a two-headed ogre
  3887 | D:6      | Reached skill level 5 in Throwing
  3887 | D:6      | Reached skill level 10 in Unarmed Combat
  3971 | D:6      | Reached XP level 9. HP: 80/80 MP: 8/8
  4142 | D:6      | Found a transporter.
  4154 | D:6      | Found a one-way gate to the infinite horrors of the Abyss.
  4154 | D:6      | Noticed robertstho's ghost (novice DjFE)
  4159 | D:6      | Noticed a purple ugly thing
  4163 | D:6      | Found a transporter.
  4774 | D:6      | Found a stormy altar of Qazlal.
  4907 | D:6      | Reached skill level 11 in Unarmed Combat
  4919 | D:6      | Killed robertstho's ghost
  5026 | D:6      | Killed a purple ugly thing
  5159 | D:7      | Noticed a two-headed ogre
  5161 | D:7      | Killed a two-headed ogre
  5162 | D:7      | Reached XP level 10. HP: 91/91 MP: 9/9
  5395 | D:7      | Reached skill level 12 in Unarmed Combat
  5485 | D:7      | Found a shadowy altar of Dithmenos.
  5550 | D:7      | Found Iskeph's Antique Armour Shop.
  5553 | D:7      | Bought a runed scarf for 240 gold pieces
  5835 | D:7      | Found a glowing golden altar of the Shining One.
  5990 | D:8      | Reached skill level 1 in Evocations
  6024 | D:8      | Found a staircase to the Lair.
  6029 | D:8      | Reached **** piety under Trog
  6088 | D:8      | Noticed a two-headed ogre
  6093 | D:8      | Killed a two-headed ogre
  7207 | Lair:1   | Entered Level 1 of the Lair of Beasts
  7267 | D:8      | Paralysed by a hornet for 3 turns
  7271 | D:8      | Reached XP level 11. HP: 43/99 MP: 10/10
  7340 | D:9      | Found a runed translucent gate.
  7340 | D:9      | Found a runed translucent gate.
  7340 | D:9      | Found a runed translucent gate.
  7470 | D:9      | Noticed Prince Ribbit
  7492 | D:9      | Killed Prince Ribbit
  7493 | D:9      | Reached skill level 5 in Fighting
  7937 | D:9      | Found a white marble altar of Elyvilon.
  8030 | D:9      | Noticed Fractals's ghost (novice GrGl)
  8044 | D:9      | Killed Fractals's ghost
  8045 | D:9      | Reached skill level 5 in Evocations
  8134 | D:10     | Entered Level 10 of the Dungeon
  8160 | D:10     | Reached ***** piety under Trog
  8191 | D:10     | Noticed a two-headed ogre
  8198 | D:10     | Killed a two-headed ogre
  8199 | D:10     | Reached skill level 13 in Unarmed Combat
  8617 | D:10     | Noticed Psyche
  8625 | Abyss:1  | Cast into level 1 of the Abyss (Psyche)
  8699 | Abyss:1  | Reached skill level 1 in Shields
  8699 | Abyss:1  | Noticed a wretched star
  8699 | Abyss:1  | Noticed a starcursed mass
  8714 | Abyss:1  | HP: 3/126 [stone wall collision (15)]
  8715 | Abyss:1  | Killed from afar by a starcursed mass

Illustrated notes

Levels and vault maps discovered:
D:1:      dpeg_arrival_rooms_a, layout_basic, hellmonk_ecumenical_altar_lost_god
D:2:      layout_loops_cross, serial_shops, nicolae_shop_stone, st_stairs_1
D:3:      layout_loops_corners, portal_sewer_entry_d
D:4:      layout_cave_pods, general_overflow_altar,
          nicolae_kikubaaqudgha_miasma_corner, nicolae_ru_path_of_blood,
          lightli_ossuary_entry_decrepit_ruins
D:5:      layout_rooms, minmay_temple_entry_sparse_star,
          gammafunk_ghost_necromancy
D:6:      layout_basic, mainiacjoe_overflow_six_doors_small,
          gammafunk_ghost_abyssal_escape, chequers_serial_rivers_room_a
D:7:      layout_rooms, kennysheep_little_box, nicolae_dithmenos_shadow_blocks,
          serial_shops, nicolae_shop_behind_doors, minmay_puff
D:8:      layout_basic, david_lair_generic, glass_columns_a
D:9:      layout_roguey, kennysheep_mini, ebering_ghost_rock_garden,
          uniq_prince_ribbit1
D:10:     layout_loops_cross, minmay_fractal_squares_gapless_7, uniq_psyche
Temple:   nicolae_temple_superstar
Lair:1:   layout_long_grid, serial_bayou_pond_a, uniq_joseph
Abyss:1:  base:
D:9

Skill      XL: |  1  2  3  4  5  6  7  8  9 10 11 |
---------------+----------------------------------+-----
Unarmed Combat | 4 5 6 7 9 10 11 12 13 | 13.0
Throwing       | 4 5 8 |  8.4
Fighting       | 3 4 5 |  5.8
Evocations     | 4 5 |  5.7
Shields        | 1 |  1.0
Dodging        | |  2.4

Action                   |  1- 3 |  4- 6 |  7- 9 | 10-12 || total
-------------------------+-------+-------+-------+-------++-------
Melee: Unarmed           |    77 |    85 |   190 |   285 ||   637
       Punch             |     1 |     2 |    14 |    13 ||    30
Throw: Large rock        |       |       |     4 |     7 ||    11
Invok: Berserk           |       |     1 |     6 |     5 ||    12
       Trog's Hand       |       |       |     4 |     3 ||     7
       Brothers in Arms  |       |       |       |     1 ||     1
  Use: Scroll            |     8 |     3 |     3 |     5 ||    19
       Potion            |     3 |     2 |       |       ||     5
 Stab: Sleeping          |     1 |     1 |       |       ||     2
Armor: Animal skin       |    22 |    25 |    43 |       ||    90
       Steam dragon scal |       |       |     7 |    40 ||    47
       Swamp dragon scal |       |       |       |    41 ||    41
Dodge: Dodged            |    28 |    29 |   103 |   103 ||   263
